 Dungeon Crawl Stone Soup version 0.27.1-3-gb3d3a73c9e (webtiles) character file.

Game seed: 12336913875691186398

10935 ZARRMARR the Destroyer (level 11, -20/78 HPs)
             Began as an Octopode Conjurer on Oct 23, 2021.
             Was an Initiate of Gozag.
             Demolished by a komodo dragon (29 damage)
             ... on level 1 of the Lair of Beasts.
             The game lasted 00:41:43 (16444 turns).

ZARRMARR the Destroyer (Octopode Conjurer)         Turns: 16444, Time: 00:41:43

Health: -20/78     AC:  1    Str: 13    XL:     11   Next: 69%
Magic:  4/23       EV: 16    Int: 29    God:    Gozag
Gold:   1452       SH:  5    Dex: 11    Spells: 18/26 levels left

rFire    . . .     SeeInvis .   K - +5 falchion
rCold    . . .     Faith    .   (no shield)
rNeg     . . .     Spirit   .   (helmet restricted)
rPois    .         Reflect  +   t - amulet of reflection
rElec    .         Harm     .   e - +6 ring of strength
rCorr    +         Rampage  .   A - ring of resist corrosion
Will     .....                  G - +6 ring of intelligence
Stlth    +++.......             (no ring)
HPRegen  0.23/turn              (no ring)
MPRegen  0.18/turn              (no ring)
                                (no ring)
                                (no ring)

@: gold aura, studying Long Blades
A: almost no armour, amphibious, 8 rings, camouflage 1, gelatinous body 1,
(nimble swimmer 1), tentacles
a: Renounce Religion, Potion Petition, Call Merchant, Bribe Branch


You were on level 1 of the Lair of Beasts.
You worshipped Gozag.
Gozag was most pleased with you.
You visited 2 branches of the dungeon, and saw 10 of its levels.
You also visited: Ossuary.

You collected 1563 gold pieces.
You spent 88 gold pieces at shops.
You paid 23 gold pieces to Gozag.

Inventory:

Hand Weapons
 w - the +1 flail "Acarinebane" {antimagic, +Blink Fly rC- Stlth+}
   (You found it on level 5 of the Dungeon)

   It reduces the magical energy of the wielder, and disrupts the spells and
   magical abilities of those it strikes.
   Natural abilities and divine invocations are not affected.
   rC:        It makes you vulnerable to cold.
   Fly:       It grants you flight.
   +Blink:    It lets you blink.
   Stlth:     It makes you more stealthy.
 K - a +5 falchion (weapon)
Missiles
 C - 2 throwing nets
Jewellery
 e - a +6 ring of strength (left tentacle)
 t - an amulet of reflection (around mantle)
 A - a ring of resist corrosion (right tentacle)
 G - a +6 ring of intelligence (on tentacle)
Wands
 f - a wand of iceblast (3)
 q - a wand of flame (6)
 s - a wand of acid (11)
 B - a wand of paralysis (7)
Scrolls
 d - 3 scrolls of amnesia
 g - a scroll of blinking {unknown}
 j - 2 scrolls of holy word {unknown}
 k - 4 scrolls of teleportation
 l - 3 scrolls of magic mapping
 m - a scroll of noise {unknown}
 p - 2 scrolls of immolation {unknown}
 r - 3 scrolls of enchant weapon {unknown}
 u - 2 scrolls of summoning
 y - 3 scrolls of enchant armour
 E - 4 scrolls of fog {unknown}
 H - a scroll of vulnerability {unknown}
 J - a scroll of fear {unknown}
Potions
 a - 2 potions of cancellation
 b - 3 potions of brilliance
 c - 7 potions of haste
 h - 2 potions of berserk rage
 n - 3 potions of attraction
 o - a potion of lignification
 v - a potion of might
 x - 2 potions of mutation
 z - a potion of heal wounds {unknown}
 D - a potion of magic {unknown}
 F - a potion of invisibility {unknown}
 I - a potion of resistance {unknown}


   Skills:
 + Level 8.7 Fighting
 + Level 8.9 Dodging
 - Level 2.6 Stealth
 + Level 8.2 Spellcasting
 + Level 9.6 Conjurations
 + Level 5.6 Translocations


You had 18 spell levels left.
You knew the following spells:

 Your Spells              Type           Power      Damage    Failure   Level
a - Magic Dart            Conj           100%       1d8       1%          1
b - Searing Ray           Conj           100%       3d7       1%          2
c - Apportation           Tloc           88%        N/A       1%          1
d - Iskenderun's Mystic   Conj/Tloc      54%        2d12      1%          4

Your spell library contained the following spells:

 Spells                   Type           Power      Damage    Failure   Level
 Dazzling Flash           Conj/Hex       78%        N/A       1%          3
 Stone Arrow              Conj/Erth      78%        3d11      1%          3
 Fulminant Prism          Conj/Hex       19%        3d11      6%          4
 Corpse Rot               Necr/Air       N/A        N/A       7%          2
 Inner Flame              Hex/Fire       11%        N/A       14%         3
 Bolt of Magma            Conj/Fire/Erth 15%        4d9       32%         5
 Cause Fear               Hex            5%         N/A       41%         4
 Dispel Undead            Necr           11%        3d9       41%         4
 Alistair's Intoxication  Tmut/Pois      7%         N/A       77%         5
 Death Channel            Necr           5%         N/A       100%        6
 Invisibility             Hex            5%         N/A       100%        6
 Discord                  Hex            5%         N/A       100%        8
 Shatter                  Erth           5%         3d8*      100%        9


Dungeon Overview and Level Annotations

Branches:
Dungeon (9/15)             Temple (0/1) D:5            Lair (1/6) D:9
    Orc (0/2) D:9         Ossuary (visited)

Altars:
Ashenzari
Cheibriados
Dithmenos
Elyvilon
Fedhas
Gozag
Kikubaaqudgha
Okawaru
Qazlal
Ru
Sif Muna
Uskayaw
Xom
Zin

Shops:
D:3 ?[*

Annotations:
D:8 Maurice
Lair:1 exclusions: bullfrog, 2 hydras, komodo dragon, oklob plant, water moccasin and 3 yaks


Innate Abilities, Weirdness & Mutations

You cannot wear most types of armour.
You are amphibious.
You can wear up to eight rings at the same time.
Your skin changes colour to match your surroundings (Stealth+).
Your rubbery body absorbs attacks. (AC +1, EV +1)
((You are camouflaged near water. (Stealth+)))
You have tentacles for arms and can constrict up to eight enemies at once.


Message History

The komodo dragon is heavily wounded.
The komodo dragon is knocked back by the mystic blast.
The basilisk gazes at you.
Your limbs have turned to stone.
You have turned to stone.
The basilisk gazes at you. You resist with some effort.
The komodo dragon bites you!! The komodo dragon bites you.
The komodo dragon bites you! The basilisk bites you.
The komodo dragon bites you!
The basilisk is distracted by your dazzling golden aura.
The basilisk is no longer distracted by gold.
The komodo dragon bites you! The basilisk gazes at you.
The komodo dragon bites you!! The basilisk gazes at you.
You resist with some effort. The komodo dragon bites you!
The basilisk gazes at you. You resist with some effort.
The komodo dragon bites you!
* * * LOW HITPOINT WARNING * * *
The basilisk gazes at you. You resist with some effort.
The komodo dragon bites you!!
* * * LOW HITPOINT WARNING * * *
The basilisk bites you but does no damage.
You turn to flesh and can move again.
Unknown command.
Unknown command.
Casting: Iskenderun's Mystic Blast (dangerous; 1% risk of failure)
Confirm with . or Enter, or press ? or * to list all spells.
You erupt in a blast of force!
The mystic blast hits the basilisk!
The basilisk is heavily wounded.
The basilisk is knocked back by the mystic blast.
The mystic blast hits the komodo dragon.
The komodo dragon is severely wounded.
The komodo dragon bites you!!
You die...
Your body crumbles into a pile of gold.

#........... ...........
#................(..............
#.............?.................
#...............................
#....?..........................
##..............$....(..........[
#....l.....(.....................
#.....[.$.[.....................^
##.....$h...l...@l..........(....
#....$....................>.....
#......S........................
#....#.#########.#..##.##.###...
#...h### ############ #... #....#
### ##### ##...
##....####.########P#.#######....
#......$$........................
##............................$..


You could see a komodo dragon and a basilisk.

Vanquished Creatures
  2 hydras (Lair:1)
  A cyclops (D:9)
  A black mamba (Lair:1)
  4 cane toads (Lair:1)
  A troll (D:7)
  A hornet (D:8)
  Prince Ribbit (D:8)
  11 yaks (Lair:1)
  3 basilisks (Lair:1)
  An acid dragon (D:9)
  4 water moccasins
  5 orc warriors
  3 ice beasts
  A swamp drake (D:9)
  A black bear (Lair:1)
  2 necrophages
  A sky beast (D:7)
  5 wolves (Lair:1)
  An ogre (D:5)
  2 centaurs
  A phantom (D:7)
  A kobold brigand (D:9)
  3 bullfrogs
  A gnoll sergeant (D:9)
  A wyvern zombie (D:6)
  2 scorpions
  2 water moccasin skeletons
  16 wights
  A killer bee (D:9)
  A howler monkey (D:9)
  An electric eel (D:9)
  2 jellies
  8 centaur zombies
  A bullfrog skeleton (D:5)
  2 gnoll shamans
  5 orc priests
  2 iguanas (D:6)
  13 orc wizards
  2 killer bee zombies
  A hound zombie (D:5)
  6 mummies
  7 gnolls
  A howler monkey zombie (D:7)
  9 adders
  A shadow imp (D:6)
  2 worms
  3 dart slugs
  60 orcs
  9 ball pythons
  8 bats
  4 endoplasms
  10 giant cockroaches
  3 goblins
  5 hobgoblins
  4 jackals (D:5)
  6 quokkas
  5 frilled lizards
  4 hobgoblin zombies (Ossuary)
  4 kobolds
  7 rats
275 creatures vanquished.

Vanquished Creatures (others)
  5 fungi
  15 plants
20 creatures vanquished.

Grand Total: 295 creatures vanquished

Notes
Turn   | Place    | Note
-------+----------+-------------------------------------------
     0 | D:1      | ZARRMARR the Octopode Conjurer began the quest for the Orb.
     0 | D:1      | Reached XP level 1. HP: 11/11 MP: 3/3
   115 | D:1      | Reached XP level 2. HP: 18/18 MP: 0/5
   652 | D:1      | Reached skill level 1 in Fighting
   654 | D:1      | Reached XP level 3. HP: 23/23 MP: 0/6
  1459 | D:2      | Found a hide-covered altar of Uskayaw.
  1521 | D:2      | Reached XP level 4. HP: 28/28 MP: 3/7
  2533 | D:3      | Found Saoseda's Armour Boutique.
  2601 | D:3      | Found an iron altar of Okawaru.
  2602 | D:3      | Found an opulent altar of Gozag.
  2746 | D:3      | Found a shadowy altar of Dithmenos.
  2751 | D:3      | Found a shimmering altar of Xom.
  2753 | D:3      | Found a shimmering blue altar of Sif Muna.
  2753 | D:3      | Found a white marble altar of Elyvilon.
  2753 | D:3      | Found an ancient bone altar of Kikubaaqudgha.
  2753 | D:3      | Found a blossoming altar of Fedhas.
  2756 | D:3      | Became a worshipper of Gozag Ym Sagoz the Greedy
  2758 | D:3      | Found a sacrificial altar of Ru.
  2759 | D:3      | Found a glowing silver altar of Zin.
  2762 | D:3      | Found a broken altar of Ashenzari.
  3080 | D:3      | Found Xopsei Sivva's Magic Scroll Boutique.
  3096 | D:3      | Found Migad's Assorted Antiques.
  3542 | D:3      | Bought a scroll of magic mapping for 35 gold pieces
  3558 | D:3      | Bought a scroll labelled TUOBBU ZEINWUL for 28 gold pieces
  3558 | D:3      | Bought a green potion for 25 gold pieces
  3609 | D:4      | Noticed a necrophage
  3616 | D:4      | Killed a necrophage
  3617 | D:4      | Reached XP level 5. HP: 35/35 MP: 2/9
  4018 | D:4      | Reached XP level 6. HP: 34/41 MP: 8/10
  4020 | D:4      | Reached skill level 5 in Conjurations
  5106 | D:4      | Learned a level 2 spell: Searing Ray
  5495 | D:5      | Entered Level 5 of the Dungeon
  5569 | D:5      | Reached XP level 7. HP: 44/46 MP: 1/12
  5675 | D:5      | Found a snail-covered altar of Cheibriados.
  6232 | D:5      | Identified the +1 flail "Acarinebane" {antimagic, +Blink
                  | Fly rC- Stlth+}
  6552 | D:5      | Found a staircase to the Ecumenical Temple.
  7202 | D:6      | Reached XP level 8. HP: 41/54 MP: 10/14
  7213 | D:6      | Reached skill level 6 in Conjurations
  7628 | D:6      | Reached skill level 5 in Dodging
  7630 | D:6      | Learned a level 1 spell: Apportation
  8274 | D:6      | Reached skill level 5 in Spellcasting
  8680 | D:6      | Reached skill level 5 in Fighting
  8713 | D:6      | Found a stormy altar of Qazlal.
  9108 | D:7      | Reached XP level 9. HP: 61/61 MP: 10/17
  9215 | D:7      | Noticed a troll
  9224 | D:7      | Killed a troll
  9225 | D:7      | Reached skill level 7 in Conjurations
 10891 | D:8      | Found a sand-covered staircase.
 10912 | Ossuary  | Entered an ossuary
 11231 | D:8      | Learned a level 4 spell: Iskenderun's Mystic Blast
 11360 | D:8      | Reached skill level 1 in Translocations
 11790 | D:8      | Noticed Prince Ribbit
 11830 | D:8      | Reached XP level 10. HP: 69/69 MP: 6/19
 11969 | D:8      | Reached skill level 8 in Conjurations
 12233 | D:8      | Noticed Maurice
 12626 | D:8      | Killed Prince Ribbit
 12753 | D:9      | Found a staircase to the Lair.
 13242 | D:9      | Noticed a cyclops
 13249 | D:9      | Killed a cyclops
 14159 | D:9      | Found a staircase to the Orcish Mines.
 14671 | Lair:1   | Entered Level 1 of the Lair of Beasts
 14741 | Lair:1   | Noticed a four-headed hydra
 14901 | Lair:1   | Noticed an oklob plant
 15393 | Lair:1   | Reached XP level 11. HP: 70/77 MP: 12/22
 15498 | Lair:1   | Noticed an eight-headed hydra
 15533 | Lair:1   | Reached skill level 9 in Conjurations
 15965 | Lair:1   | Reached skill level 5 in Translocations
 16262 | Lair:1   | Killed a four-headed hydra
 16419 | Lair:1   | Noticed a five-headed hydra
 16428 | Lair:1   | Killed a five-headed hydra
 16444 | Lair:1   | Demolished by a komodo dragon

Illustrated notes

Levels and vault maps discovered:
D:1:      minmay_arrival_open_corners, layout_rooms, minmay_pentomino_v4
D:2:      wad_lake_hut, layout_basic, basic_altar, hex_tiny
D:3:      minmay_spotlight, layout_basic, minitemple, serial_shops,
          nicolae_shop_crystal, nicolae_square_shop, nicolae_lakefront_shop,
          guppyfry_early_lair_pool
D:4:      layout_basic
D:5:      layout_layer_cave, kennysheep_slug_shrine,
          minmay_temple_entry_overgrown
D:6:      layout_layer_cave, mainiacjoe_overflow_alcove_4, serial_park_tiny_2
D:7:      layout_basic, minmay_manual_maat
D:8:      layout_gridville, gup_ossuary_entry_pyramid, uniq_prince_ribbit1,
          uniq_maurice
D:9:      layout_stronghold, lair_entry_dummy, erik_orc_1, fungi_pond_lemuel,
          minmay_chambers_of_fives
Lair:1:   layout_long_grid, minmay_lair_oklob_chamber

Skill      XL: |  1  2  3  4  5  6  7  8  9 10 11 |
---------------+----------------------------------+-----
Fighting       | 1 2 3 4 5 6 7 8 |  8.7
Dodging        | 3 4 5 7 8 |  8.9
Spellcasting   | 3 4 5 6 7 8 |  8.2
Conjurations   | 5 6 7 8 9 |  9.6
Translocations | 1 4 5 |  5.6
Stealth        | |  2.6

Action                   |  1- 3 |  4- 6 |  7- 9 | 10-12 || total
-------------------------+-------+-------+-------+-------++-------
Melee: Unarmed           |    12 |       |       |       ||    12
       Constrict         |     3 |    15 |     7 |     5 ||    30
       Tentacles         |     2 |     9 |     8 |     6 ||    25
       Falchion          |       |    44 |    21 |    21 ||    86
 Cast: Magic Dart        |    71 |   104 |   100 |    89 ||   364
       Searing Ray       |       |     4 |    79 |    63 ||   146
       Iskenderun's Myst |       |       |       |    26 ||    26
       Apportation       |       |       |       |     8 ||     8
Evoke: Wand              |       |       |    23 |    30 ||    53
  Use: Scroll            |     3 |     8 |     1 |     5 ||    17
       Potion            |       |       |     1 |     2 ||     3
 Stab: Paralysed         |       |       |       |     6 ||     6
Armor: Skin              |       |     2 |     5 |     1 ||     8
Dodge: Dodged            |    19 |    25 |    43 |    23 ||   110
Block: Other             |       |       |    18 |     8 ||    26
       Reflection        |       |       |     2 |       ||     2
       Rpst.: Falchion   |       |     2 |    12 |     7 ||    21
